 Dungeon Crawl Stone Soup version 0.31.0-32-g396128a36d (webtiles) character file.

Game seed: 17739110404485323447

557 CrypticCrinoid the Chopper (level 7, 0/61 HPs)
             Began as a Minotaur Berserker on Mar 26, 2024.
             Was a Priest of Trog.
             Succumbed to a killer bee's poison
             ... on level 5 of the Dungeon.
             The game lasted 00:07:35 (3298 turns).

CrypticCrinoid the Chopper (Minotaur Berserker)     Turns: 3298, Time: 00:07:36

Health: 0/61       AC:  9    Str: 24    XL:     7   Next: 9%
Magic:  6/6        EV:  9    Int:  4    God:    Trog [***...]
Gold:   210        SH:  0    Dex:  9    Spells: 6/6 levels left

rFire   . . .        p - +0 war axe
rCold   . . .        (no shield)
rNeg    . . .        e - +0 chain mail
rPois   +            (helmet restricted)
rElec   .            (no cloak)
rCorr   .            (no gloves)
SInv    .            (no boots)
Will    +....        (no amulet) Stlth
                     f - ring of poison resistance
HPRegen 0.30/turn    (no ring)
MPRegen 0.10/turn

%: no passive effects
@: lethally poisoned (0 -> -6), enlightened, flying, hasted, very quick
A: horns 2, retaliatory headbutt
a: Renounce Religion, Berserk, Trog's Hand


You were on level 5 of the Dungeon.
You worshipped Trog.
Trog was most pleased with you.
You visited 1 branch of the dungeon, and saw 5 of its levels.

You collected 210 gold pieces.

Inventory:

Hand Weapons
 a - a +0 hand axe
 p - a +0 war axe (weapon)
Armour
 e - a +0 chain mail (worn)
Jewellery
 f - a ring of poison resistance (left hand)
 n - a ring of protection from cold
 u - a ring of protection from cold
Scrolls
 b - a scroll of enchant armour {unknown}
 g - 3 scrolls of blinking
 h - a scroll of teleportation {unknown}
 i - 2 scrolls of enchant weapon
 q - a scroll of fear {unknown}
 r - a scroll of identify
 t - a scroll of summoning {unknown}
 w - 3 scrolls of fog {unknown}
Potions
 c - 2 potions of ambrosia
 d - 3 potions of brilliance
 j - a potion of heal wounds {unknown}
 k - a potion of mutation {unknown}
 l - a potion of lignification {unknown}
 m - a potion of enlightenment
 o - a potion of haste
 s - a potion of curing {unknown}
 v - a potion of resistance {unknown}


   Skills:
 * Level 5.6 Fighting
 * Level 7.0 Axes
 * Level 4.8 Armour
 * Level 3.4 Dodging


You had 6 spell levels left.
You didn't know any spells.
Your spell library was empty.

Dungeon Overview and Level Annotations

Branches:
Dungeon (5/15)             Temple (0/1) D:4

Altars:
Dithmenos


Innate Abilities, Weirdness & Mutations

You have a pair of horns on your head.
You reflexively headbutt those who attack you in melee.


Message History

It was a potion of enlightenment.
You feel very buoyant.
You fly up into the air.
You feel sick. The killer bee closely misses you. The killer bee stings you.
* * * LOW HITPOINT WARNING * * *
Unknown command.
It was a potion of haste.
You feel yourself speed up.
* * * LOW HITPOINT WARNING * * *
You feel sick.
The killer bee stings you but does no damage. x2
You are confused.
You feel invigorated.
You feel sick. The killer bee barely misses you.
You miss the killer bee. Your headbutt misses the killer bee.
The killer bee is moderately wounded.
The killer bee stings you.
* * * LOW HITPOINT WARNING * * *
You barely miss the killer bee.
The killer bee is moderately wounded.
You feel sick. The killer bee closely misses you. The killer bee stings you!
* * * LOW HITPOINT WARNING * * *
You are too confused!
You miss the killer bee.
The killer bee is moderately wounded.
* * * LOW HITPOINT WARNING * * *
You feel sick. The killer bee closely misses you.
You bump into the rock wall.
You feel sick. The killer bee stings you.
* * * LOW HITPOINT WARNING * * *
You are more poisoned.
The killer bee poisons you!
You bump into the rock wall.
You feel less invigorated.
You feel less confused.
* * * LOW HITPOINT WARNING * * *
You feel sick. The killer bee barely misses you. You furiously retaliate!
You headbutt the killer bee! The killer bee barely misses you.
You furiously retaliate!
You headbutt the killer bee!
You kill the killer bee!
Trog accepts your kill.
Your Axes skill increases to level 7!
You barely miss the killer bee.
You die...

#.. .... ####..#
....>. .....
#..# #
#..####....
#..@y......
#..########
#..<.......
#.............##
######..#####.#
#..# .... .#..#
.....#


You could see a killer bee.

Vanquished Creatures
  A water moccasin (D:4)
  A phantom (D:3)
  2 killer bees (D:5)
  A jelly (D:4)
  A hound (D:4)
  Jessica (D:2)
  An orc wizard (D:4)
  Robin (D:3)
  4 gnolls (D:2)
  3 dart slugs
  2 ribbon worms
  5 orcs (D:4)
  7 endoplasms
  3 giant cockroaches
  21 goblins
  10 hobgoblins
  8 jackals (D:3)
  6 quokkas
  8 ball pythons
  5 bats
  5 frilled lizards
  6 kobolds
  10 rats
112 creatures vanquished.

Notes
Turn   | Place    | Note
-------+----------+-------------------------------------------
     0 | D:1      | CrypticCrinoid the Minotaur Berserker began the quest for
                  | the Orb.
     0 | D:1      | Reached XP level 1. HP: 19/19 MP: 0/0
   214 | D:1      | Reached XP level 2. HP: 27/27 MP: 1/1
   254 | D:1      | Reached skill level 4 in Axes
   820 | D:2      | Reached ** piety under Trog
   821 | D:2      | Reached XP level 3. HP: 33/33 MP: 2/2
   882 | D:2      | Noticed Jessica
   888 | D:2      | Killed Jessica
  1354 | D:2      | Reached XP level 4. HP: 41/41 MP: 3/3
  1394 | D:2      | Reached skill level 5 in Axes
  1917 | D:3      | Noticed a phantom
  1934 | D:3      | Killed a phantom
  1935 | D:3      | Reached skill level 5 in Fighting
  1935 | D:3      | Reached XP level 5. HP: 42/48 MP: 4/4
  2034 | D:3      | Noticed Robin
  2046 | D:3      | Killed Robin
  2046 | D:3      | Reached *** piety under Trog
  2750 | D:4      | Reached skill level 6 in Axes
  2750 | D:4      | Reached XP level 6. HP: 40/56 MP: 5/5
  2816 | D:4      | Found a shadowy altar of Dithmenos.
  2986 | D:4      | Noticed a water moccasin
  2993 | D:4      | Killed a water moccasin
  3081 | D:4      | Found a staircase to the Ecumenical Temple.
  3275 | D:5      | Entered Level 5 of the Dungeon
  3284 | D:5      | Reached XP level 7. HP: 38/61 MP: 6/6
  3294 | D:5      | HP: 1/61 [killer bee (7)]
  3298 | D:5      | Reached skill level 7 in Axes
  3298 | D:5      | Succumbed to a killer bee's poison

Illustrated notes

Levels and vault maps discovered:
D:1:      dpeg_arrival_ratfight, layout_basic, skrybe_limestone_x
D:2:      layout_rooms, patterned_corridor, uniq_jessica
D:3:      kennysheep_goblin_castle, layout_loops_ring
D:4:      layout_cave_pools, grunt_dithmenos_smoke, temple_hall
D:5:      layout_loops_ring, nicolae_overflow_crystal_walls, eino_tiny_chamber,
          uniq_menkaure

Skill      XL: |  1  2  3  4  5  6  7 |
---------------+----------------------+-----
Fighting       | 4 5 |  5.6
Axes           | 4 5 6 7 |  7.0
Armour         | 3 4 |  4.8
Dodging        | 3 |  3.4

Action                     |  1- 3 |  4- 6 |  7- 9 || total
---------------------------+-------+-------+-------++-------
  Melee: Hand axe          |    68 |    74 |       ||   142
         Headbutt          |    14 |    27 |       ||    41
         Punch             |     1 |     1 |       ||     2
         War axe           |       |    67 |    10 ||    77
 Invoke: Berserk           |       |     2 |       ||     2
    Use: Scroll            |       |     4 |       ||     4
         Potion            |       |       |     3 ||     3
 Armour: Animal skin       |    22 |       |       ||    22
         Chain mail        |    20 |   135 |    18 ||   173
  Dodge: Dodged            |    32 |    94 |     9 ||   135
